 Dungeon Crawl Stone Soup version 0.31-a0-691-g409c26aa35 (webtiles) character file.

Game seed: 11170171342152070015

2506 MARIOKART the Ruffian (level 9, -3/65 HPs)
             Began as a Demonspawn Shapeshifter on Sept 6, 2023.
             Was an Initiate of Gozag.
             Slain by an orc warrior
             ... wielding a +0 glaive
              (17 damage)
             ... on level 7 of the Dungeon.
             The game lasted 00:06:21 (7772 turns).

MARIOKART the Ruffian (Demonspawn Shapeshifter)     Turns: 7772, Time: 00:06:21

Health: -3/65      AC:  9    Str: 14    XL:     9   Next: 28%
Magic:  18/18      EV: 13    Int: 21    God:    Gozag
Gold:   172        SH:  0    Dex: 12    Spells: 8/8 levels left

rFire   . .          .
                       - Unarmed
rCold   . . .        (shield currently unavailable)
rNeg    . . .        v - +0 leather armour of Meager Knowledge {Regen+ Int+4}
rPois   .            j - +2 hat
rElec   .            (no cloak)
rCorr   +            g - +1 pair of gloves
SInv    .            (no boots)
Will    .....        (no amulet)
Stlth   +            o - ring of magical power
HPRegen 1.10/turn    B - ring of resist corrosion
MPRegen 0.16/turn

%: no passive effects
@: flux-form, gold aura, glowing
A: glow, contaminating, reduced hp, claws 1, molten scales 1, ignite blood 1,
demonic magic 2
a: Begin Untransformation, Renounce Religion, Potion Petition, Call Merchant,
Bribe Branch


You were on level 7 of the Dungeon.
You worshipped Gozag.
Gozag was aware of your devotion.
You were something dangerously unstable.
You visited 2 branches of the dungeon, and saw 9 of its levels.
You also visited: Sewer.

You collected 531 gold pieces.
You spent 196 gold pieces at shops.
You paid 163 gold pieces to Gozag.

Inventory:

Missiles
 A - 2 throwing nets
Armour
 g - a +1 pair of gloves (worn)
 j - a +2 hat (worn)
 v - the +0 leather armour of Meager Knowledge (worn) {Regen+ Int+4}
   (You bought it in a shop on level 3 of the Dungeon)

   Int+4:     It affects your intelligence (+4).
   Regen+:    It increases your rate of health regeneration.
Jewellery
 o - a ring of magical power (left hand)
 p - the ring "Wiusol" {rC+ rN++ Dex-3 SInv Stlth+}
   (You found it on level 3 of the Dungeon)

   [ring of protection from cold]

   Dex-3:     It affects your dexterity (-3).
   rC+:       It protects you from cold.
   rN++:      It greatly protects you from negative energy.
   SInv:      It lets you see invisible.
   Stlth+:    It makes you more stealthy.
 r - a ring of fire
 B - a ring of resist corrosion (right hand)
Talismans
 c - a beast talisman
 d - a flux talisman (active)
Wands
 a - a wand of charming (10)
 w - a wand of mindburst (4)
 z - a wand of iceblast (9)
 E - a wand of polymorph (11)
Scrolls
 b - a scroll of enchant armour {unknown}
 f - 8 scrolls of identify {unknown}
 h - a scroll of torment {unknown}
 i - a scroll of noise {unknown}
 k - a scroll of fear {unknown}
 l - 4 scrolls of teleportation {unknown}
 s - a scroll of revelation {unknown}
 t - 2 scrolls of blinking {unknown}
 u - a scroll of vulnerability {unknown}
 x - a scroll of amnesia {unknown}
 y - a scroll of immolation {unknown}
 F - a scroll of brand weapon {unknown}
Potions
 e - 3 potions of curing
 m - 3 potions of might {unknown}
 n - a potion of enlightenment {unknown}
 q - a potion of cancellation {unknown}
 C - a potion of lignification
 D - a potion of heal wounds {unknown}


   Skills:
 + Level 4.9 Fighting
 + Level 4.8 Dodging
 * Level 7.3 Unarmed Combat
 * Level 6.7 Shapeshifting


You had 8 spell levels left.
You didn't know any spells.
Your spell library contained the following spells:

 Spells                   Type           Power      Damage    Failure   Level
 Blink                    Tloc           0%         N/A       34%         2
 Cigotuvi's Dreadful Rot  Necr/Pois/Air  0%         N/A       34%         2
 Lesser Beckoning         Tloc           0%         N/A       34%         2
 Momentum Strike          Conj/Tloc      0%         3d8       34%         2
 Dispel Undead            Necr           0%         3d6       92%         4
 Summon Forest            Summ/Tloc      0%         N/A       99%         5
 Summon Mana Viper        Hex/Summ       0%         N/A       99%         5
 Death Channel            Necr           0%         N/A       100%        6
 Summon Cactus Giant      Summ           0%         N/A       100%        6


Dungeon Overview and Level Annotations

Branches:
Dungeon (8/15)             Temple (1/1) D:7           Sewer (visited)
   Lair: D:8-11

Altars:
Cheibriados
Dithmenos
Fedhas
Gozag
Hepliaklqana
Kikubaaqudgha
Makhleb
Nemelex Xobeh
Okawaru
Qazlal
Ru
Sif Muna
Trog
Uskayaw
Vehumet
Wu Jian
Xom
Yredelemnul

Shops:
D:3 [   D:6 :*   D:7 =


Innate Abilities, Weirdness & Mutations

You are something dangerously unstable.
You glow with magical radiation, making you easy to see and hit.
Foes you strike become dangerously contaminated with magical radiation.
Your maximum health is decreased, since you lack skill for your form.
You are incapable of wielding weapons or throwing items.
You have sharp fingernails.
You are partially covered in molten scales. (AC +2)
Your demonic aura sometimes causes spilled blood to erupt in flames.
Spells you cast may paralyse nearby enemies.


Message History

You are too injured to fight recklessly!
You are too injured to fight recklessly!
You are too injured to fight recklessly!
You are too injured to fight recklessly!
You are too injured to fight recklessly!
You are too injured to fight recklessly!
You are too injured to fight recklessly!
You are too injured to fight recklessly!
You are too injured to fight recklessly!
You are too injured to fight recklessly!
You are too injured to fight recklessly!
You are too injured to fight recklessly!
You are too injured to fight recklessly!
You are too injured to fight recklessly!
The orc warrior attacks as it pursues you!
The orc warrior barely misses you.
The ice beast attacks as it pursues you!
The ice beast misses you.
You barely miss the ice beast.
The ice beast is severely wounded.
The ice beast closely misses you.
You hit the ice beast.
The ice beast glows dangerously bright.
The ice beast is severely wounded.
The orc warrior hits you from afar with a +0 glaive!
The ice beast misses you.
You hit the ice beast.
The ice beast shudders as magic cascades through it!!
You kill the ice beast!
The orc warrior hits you from afar with a +0 glaive.
The orc completely misses you.
The orc warrior hits you with a +0 glaive!
* * * LOW HITPOINT WARNING * * *
You see here 14 gold pieces.
You hit the orc warrior.
The orc warrior begins to glow.
The orc warrior is moderately wounded.
The orc warrior barely misses you. The orc hits you with a +0 trident.
* * * LOW HITPOINT WARNING * * *
The orc warrior hits you from afar with a +0 glaive!
You die...
Your body crumbles into a pile of gold.

.#.#...)...............#.........
#.#.#......#####.................
.#.#.#.....###...................
#.>)#......##..............###...
.#.#.#...........................
#.#.#.............#...........#..
.#.#...#........o##o.#.###..###..
.......##........$o.##.# .....#..
....#.....#.....B##....# ....#..
....##... ##.....###.....(###.#..
.....#.... ##....# ...... #..
..#.... #...... ...... #<.
####.... #..#... ...... ... #
.... ...###... ....?. ... # ....
.... .... .... ... ####.... ...
..... ..# .............. .


You could see an orc warrior (contam) and 2 orcs.

Vanquished Creatures
  Grinder (D:3)
  2 wyverns
  A water moccasin (Sewer)
  A black bear (D:5)
  An ice beast (D:7)
  A sky beast (D:7)
  An ogre (D:4)
  2 phantoms (D:6)
  A gnoll sergeant (D:7)
  A kobold brigand (D:6)
  A bullfrog (D:6)
  3 scorpions
  2 howler monkeys (D:8)
  6 jellies
  6 orc priests
  3 hounds
  A gnoll bouda (D:4)
  A sleepcap (D:4)
  Natasha (thrice) (D:4)
  An iguana (D:4)
  3 orc wizards
  6 gnolls
  2 river rats (D:4)
  7 adders
  2 white imps (D:6)
  A dart slug (D:1)
  28 orcs
  8 endoplasms
  11 giant cockroaches
  7 goblins
  5 hobgoblins
  2 jackals (D:3)
  3 quokkas
  8 ball pythons
  11 bats
  3 frilled lizards (D:2)
  11 kobolds
  2 rats
159 creatures vanquished.

Vanquished Creatures (others)
  An orc (D:7)
1 creature vanquished.

Grand Total: 160 creatures vanquished

Notes
Turn   | Place    | Note
-------+----------+-------------------------------------------
     0 | D:1      | MARIOKART the Demonspawn Shapeshifter began the quest for
                  | the Orb.
     0 | D:1      | Reached XP level 1. HP: 15/15 MP: 1/1
   100 | D:1      | Gained mutation: You are partially covered in molten
                  | scales. (AC +2) [demonic ancestry]
   100 | D:1      | Reached XP level 2. HP: 6/21 MP: 2/2
   306 | D:1      | Reached skill level 3 in Unarmed Combat
   788 | D:2      | Reached XP level 3. HP: 10/26 MP: 3/3
  1050 | D:2      | Found a faded altar of an unknown god.
  1804 | D:3      | Identified the ring "Wiusol" {rC+ rN++ Dex-3 SInv Stlth+}
  1898 | D:3      | Noticed Grinder
  1919 | D:3      | Paralysed by Grinder for 4 turns
  1928 | D:3      | Killed Grinder
  1929 | D:3      | Reached skill level 4 in Unarmed Combat
  1929 | D:3      | Gained mutation: Spells you cast may paralyse adjacent
                  | enemies. [demonic ancestry]
  1929 | D:3      | Reached XP level 4. HP: 34/34 MP: 4/4
  1929 | D:3      | Reached XP level 5. HP: 39/39 MP: 5/5
  1929 | D:3      | Gained mutation: Spells you cast may paralyse nearby
                  | enemies. [demonic ancestry]
  1929 | D:3      | Reached XP level 6. HP: 46/46 MP: 6/6
  2395 | D:3      | Found Mujuot's Antique Armour Shop.
  2405 | D:3      | Bought a faintly humming leather armour for 196 gold pieces
  2405 | D:3      | Identified the +0 leather armour of Meager Knowledge
                  | {Regen+ Int+4} (You bought it in a shop on level 3 of the
                  | Dungeon)
  2717 | D:4      | Found a glowing drain.
  2740 | Sewer    | Entered a sewer
  2780 | Sewer    | Noticed a water moccasin
  2795 | Sewer    | Killed a water moccasin
  2850 | D:4      | Gained mutation: You have sharp fingernails. [demonic
                  | ancestry]
  2850 | D:4      | Reached XP level 7. HP: 38/51 MP: 7/7
  3097 | D:4      | Reached skill level 5 in Unarmed Combat
  3546 | D:4      | Noticed Natasha
  3557 | D:4      | Killed Natasha
  3558 | D:4      | Reached skill level 5 in Shapeshifting
  4007 | D:4      | Noticed Natasha
  4016 | D:4      | Killed Natasha
  4851 | D:4      | Noticed Natasha
  4858 | D:4      | Killed Natasha
  5251 | D:5      | Entered Level 5 of the Dungeon
  5310 | D:5      | Reached XP level 8. HP: 48/59 MP: 8/8
  5925 | D:6      | HP: 1/51 [acid (8)]
  6043 | D:6      | Reached skill level 6 in Unarmed Combat
  6119 | D:6      | Found Wualuiv's Book Shoppe.
  6368 | D:6      | Found Lokhloh's General Store.
  7239 | D:7      | Found a staircase to the Ecumenical Temple.
  7251 | Temple   | Entered the Ecumenical Temple
  7292 | Temple   | Became a worshipper of Gozag Ym Sagoz the Greedy
  7523 | D:7      | Gained mutation: Your demonic aura sometimes causes spilled
                  | blood to erupt in flames. [demonic ancestry]
  7523 | D:7      | Reached XP level 9. HP: 62/66 MP: 9/9
  7585 | D:7      | Identified the staff "Neuchec" {Dex+6 Earth}
  7626 | D:7      | Found Imno Tah's One-of-a-Kind Rings.
  7664 | D:7      | HP: 2/62 [orc warrior/+0 glaive (20)]
  7706 | D:8      | Reached skill level 7 in Unarmed Combat
  7772 | D:7      | Slain by an orc warrior

Illustrated notes

Levels and vault maps discovered:
D:1:      psy_arrival_basics, layout_loops_ring, minmay_vboxes
D:2:      layout_loops_corners, ebering_ecumenical_altar_box
D:3:      layout_loops_ring, serial_shops, nicolae_shop_pleasant_corner_grove,
          minmay_misc_feat_secret_circle, uniq_grinder
D:4:      cheibrodos_quashed, layout_loops_corners,
          cheibrodos_sewer_entry_sluice, uniq_natasha
D:5:      layout_loops_cross, kennysheep_pointless_box
D:6:      layout_layer_cave, serial_shops, nicolae_square_shop, shop
D:7:      layout_cave_pools, minmay_temple_entry_grid, serial_shops,
          nicolae_shop_window_shopping, nicolae_shop_unique_rings, minivault_10,
          amethyst_killhole
D:8:      layout_cave_pools, kennysheep_another_room, kennysheep_generic_room_7
Temple:   kilobyte_greek_temple

Skill      XL: |  1  2  3  4  5  6  7  8  9 |
---------------+----------------------------+-----
Dodging        | 2 3 4 |  4.8
Shapeshifting  | 3 4 5 6 |  6.7
Unarmed Combat | 3 4 5 6 7 |  7.3
Fighting       | 2 3 4 |  4.9

Action                     |  1- 3 |  4- 6 |  7- 9 || total
---------------------------+-------+-------+-------++-------
  Melee: Unarmed           |   115 |   119 |   409 ||   643
         Punch             |     3 |     1 |       ||     4
    Use: Potion            |     1 |       |     4 ||     5
   Stab: Sleeping          |     1 |       |       ||     1
         Distracted        |       |       |     1 ||     1
 Armour: Animal skin       |    13 |       |       ||    13
         Leather armour    |    42 |   103 |   294 ||   439
         Skin              |    10 |       |       ||    10
  Dodge: Dodged            |    58 |    98 |   232 ||   388
   Form: Flux              |       |     1 |       ||     1

Table legend: (Time is in decaauts)
 A = Elapsed time spent in this place.
 B = Non-inter-level travel time spent in this place.
 C = Inter-level travel time spent in this place.
 D = Time resting spent in this place.
 E = Time spent auto-exploring this place.
 F = Levels seen in this place.
 G = Mean time per level.
                   A        B        C        D        E       F      G
               +--------+--------+--------+--------+--------+-----+--------+
         Total |   7731 |   7481 |    250 |     34 |   6191 |  10 |  773.1 |
       Dungeon |   7553 |   7366 |    187 |     34 |   6145 |   8 |  944.1 |
        Temple |     79 |     16 |     63 |      0 |      0 |   1 |   79.0 |
         Sewer |     98 |     98 |      0 |      0 |     46 |   1 |   98.0 |
               +--------+--------+--------+--------+--------+-----+--------+

Top non-repeatable levels by time:
     D:4: 2469 daAuts
     D:6: 1366 daAuts
     D:2: 1151 daAuts
     D:3: 875 daAuts
     D:1: 645 daAuts
     D:5: 644 daAuts
     D:7: 349 daAuts
   Sewer: 98 daAuts
  Temple: 79 daAuts
     D:8: 51 daAuts
